 Dungeon Crawl Stone Soup version 0.21-a0-621-gc60411f (webtiles) character file.

44 Amnesiac the Insei (level 3, 0/36 HPs)
             Began as an Octopode Transmuter on Dec 23, 2017.
             Succumbed to an adder's poison
             ... on level 2 of the Dungeon.
             The game lasted 00:01:58 (1266 turns).

Amnesiac the Insei (Octopode Transmuter)            Turns: 1266, Time: 00:01:59

Health: 0/36       AC:  1    Str: 14    XL:     3   Next: 60%
Magic:  6/6        EV: 13    Int: 15    God:
Gold:   27         SH:  0    Dex: 13    Spells: 0/6 levels left

rFire    . . .     SeeInvis .     - Unarmed
rCold    . . .     Gourm    .   (no shield)
rNeg     . . .     Faith    .   (helmet restricted)
rPois    .         Spirit   .   m - amulet of magic regeneration
rElec    .         Reflect  .   d - ring of protection from magic
rCorr    .         Harm     .   (no ring)
MR       +....                  (no ring)
Stlth    ..........             (no ring)
HPRegen  0.12/turn              (no ring)
MPRegen  0.35/turn              (no ring)
                                (no ring)
                                (no ring)

@: berserking, lethally poisoned (0 -> -21), flying, very quick
A: almost no armour, stealthy swim, amphibious, 8 rings, constrict 8, camouflage
1, gelatinous body 1
a: no special abilities


You were on level 2 of the Dungeon.
You were very hungry.

You visited 1 branch of the dungeon, and saw 2 of its levels.

You collected 27 gold pieces.

Inventory:

Missiles
 a - 26 arrows
 g - 16 poisoned needles
Jewellery
 d - a ring of protection from magic (left tentacle)
 m - an amulet of magic regeneration (around mantle)
Scrolls
 h - a scroll of amnesia {!r, unknown}
 k - a scroll of remove curse {!r, unknown}
 l - a scroll of fog {!r, unknown}
 n - a scroll of teleportation {!r, unknown}
Potions
 f - a potion of mutation {!q, unknown}
 i - a potion of flight {!q}
 j - a potion of ambrosia {!q, unknown}
 o - a potion of heal wounds {!q, unknown}
Books
 b - a book of Changes

   Spells                             Type                      Level
   a - Beastly Appendage              Transmutation                1
   b - Sticks to Snakes               Transmutation                2
   c - Spider Form                    Transmutation/Poison         3
   d - Ice Form                       Ice/Transmutation            4
   e - Blade Hands                    Transmutation                5
Comestibles
 c - 4 rations


   Skills:
 - Level 2.0 Fighting
 - Level 2.0 Dodging
 - Level 3.2 Unarmed Combat
 - Level 2.0 Spellcasting
 + Level 3.1 Transmutations


You couldn't memorise any spells.
You knew the following spells:

 Your Spells              Type           Power        Failure   Level  Hunger
a - Beastly Appendage     Tmut           ##....       6%          1    #......
b - Sticks to Snakes      Tmut           ##......     10%         2    ###....
e - Spider Form           Tmut/Pois      #.........   34%         3    ###....


Dungeon Overview and Level Annotations

Branches:
Dungeon (2/15)

Altars:


Innate Abilities, Weirdness & Mutations

You cannot wear most types of armour.
You are very stealthy in the water. (Stealth+)
You are amphibious.
You can wear up to eight rings at the same time.
You can use your tentacles to constrict eight enemies at once.
Your skin changes colour to match your surroundings (Stealth+).
Your rubbery body absorbs attacks. (AC +1, EV +1)


Message History

HP restored.
Things that are here:
a short sword; 3 stones
There is a stone staircase leading up, spattered with blood here.
n - a scroll labeled SAKOC TOQI {!r}
o - a cyan potion {!q}
Found 26 stones.
Found a runed hunting sling.
You see here a runed hunting sling.
You are feeling very hungry.
An adder comes into view.
The adder hisses angrily.
The adder bites you.
You are poisoned.
The adder poisons you!
You miss the adder.
You feel sick. The adder bites you.
You are more poisoned.
The adder poisons you! The adder bites you.
* * * LOW HITPOINT WARNING * * *
You are lethally poisoned!
The adder poisons you!
You tentacle-slap the adder.
The adder is lightly wounded.
* * * LOW HITPOINT WARNING * * *
You feel sick. The adder barely misses you.
You barely miss the adder.
The adder is lightly wounded.
* * * LOW HITPOINT WARNING * * *
You feel sick. The adder bites you.
* * * LOW HITPOINT WARNING * * *
Really quaff
i - 2 viscous dark potions {!q}?
It was a potion of flight {!q}.
You feel very buoyant.
You fly up into the air.
* * * LOW HITPOINT WARNING * * *
You feel sick. The adder bites you.
* * * LOW HITPOINT WARNING * * *
You are more poisoned.
The adder poisons you!
You aren't carrying any wearable armour.
Unknown command.
Really quaff
e - a purple potion {!q}?
It was a potion of berserk rage {!q}.
A red film seems to cover your vision as you go berserk!
You feel yourself moving faster!
You feel mighty!
* * * LOW HITPOINT WARNING * * *
You feel sick. The adder closely misses you. The adder bites you.
* * * LOW HITPOINT WARNING * * *
You are more poisoned.
The adder poisons you!
You tentacle-slap the adder. You grab the adder.
The adder is heavily wounded.
You constrict the adder, but do no damage.
* * * LOW HITPOINT WARNING * * *
You feel sick. The adder barely misses you.
You tentacle-slap the adder.
The adder is almost dead.
You constrict the adder.
You kill the adder!
Training target 3.1 for Unarmed Combat reached!
You need to enable at least one skill for training.
* * * LOW HITPOINT WARNING * * *
You feel sick.
You die...

#################
#...)...#.......#
##.#####.#.#####.#
...#...#.#.# #@#
.###.#...#.# #...#
.# #.#####.# #####
.# #.......#
.########### #####
.#....# #.#.#
.#.#.##########.#<#
.#.#........).....#
.#.#..#...<.....###


There were no monsters in sight!

Vanquished Creatures
  2 adders (D:2)
  A dart slug (D:1)
  2 leopard geckos (D:1)
  A goblin (D:1)
  5 hobgoblins (D:1)
  A ball python (D:1)
  2 bats (D:1)
  3 frilled lizards (D:1)
  3 kobolds
  3 rats (D:1)
23 creatures vanquished.

Notes
Turn   | Place    | Note
-------+----------+-------------------------------------------
     0 | D:1      | Amnesiac the Octopode Transmuter began the quest for the Orb.
     0 | D:1      | Reached XP level 1. HP: 13/13 MP: 3/3
   216 | D:1      | Reached XP level 2. HP: 16/18 MP: 5/5
   587 | D:1      | Learned a level 2 spell: Sticks to Snakes
   822 | D:1      | Reached XP level 3. HP: 22/24 MP: 6/6
   827 | D:1      | Learned a level 3 spell: Spider Form
  1266 | D:2      | Succumbed to an adder's poison

Vault maps used:
D:1:      co_arrival_square_in_a_square_in_a_square, minmay_pentomino_z4
D:2:      minmay_crystal_room, kennysheep_nondescript, patterned_corridor

Skill      XL: |  1  2  3 |
---------------+----------+-----
Fighting       | 2 |  2.0
Transmutations | 3 |  3.1
Dodging        | |  2.0
Unarmed Combat | |  3.2
Spellcasting   | |  2.0

Action                   || total
-------------------------++-------
Melee: Unarmed           ||    64
       Constrict         ||    15
       Tentacles         ||     7
  Use: Potion            ||     2
 Stab: Sleeping          ||     5
Armor: Skin              ||     1
Dodge: Dodged            ||    40

Table legend:
 A = Spawn XP
 B = Non-spawn XP
 C = Spawn XP percentage of total XP
 D = Spawn monster count
 E = Non-spawn monster count
 F = Spawn count percentage of total count
 G = Total turns spent on level
                    A         B        C        D         E        F      G
               +---------+---------+-------+---------+---------+-------+---------
         Total |       0 |      63 |   0.0 |       0 |      23 |   0.0 |  1266
               +---------+---------+-------+---------+---------+-------+---------
           D:1 |       0 |      34 |   0.0 |       0 |      20 |   0.0 |  1084
           D:2 |       0 |      29 |   0.0 |       0 |       3 |   0.0 |   182
               +---------+---------+-------+---------+---------+-------+---------
